 Dungeon Crawl Stone Soup version 0.24.1-4-ge52af88ad5 (webtiles) character file.

Game seed: 12761283081285145737, levelgen mode: deterministic

353 MaYaM the Poker (level 6, 0/61 HPs)
             Began as a Troll Fighter on Apr 20, 2020.
             Slain by a mummy (11 damage)
             ... in an ossuary.
             The game lasted 00:28:00 (2382 turns).

MaYaM the Poker (Troll Fighter)                     Turns: 2382, Time: 00:28:00

Health: 0/61       AC:  6    Str: 27    XL:     6   Next: 35%
Magic:  5/5        EV:  9    Int:  4    God:
Gold:   141        SH:  9    Dex:  9    Spells: 5/5 levels left

rFire    . . .     SeeInvis .   a - +0 trident
rCold    . . .     Gourm    +   c - +0 shield
rNeg     . . .     Faith    .   b - +0 robe
rPois    .         Spirit   .   (helmet restricted)
rElec    .         Reflect  .   (no cloak)
rCorr    .         Harm     .   (gloves unavailable)
MR       .....                  (boots unavailable)
Stlth    +.........             (no amulet)
HPRegen  0.60/turn              (no ring)
MPRegen  0.09/turn              (no ring)

@: no status effects
A: large, unfitting armour, claws 3, fast metabolism 3, gourmand, regeneration
1, shaggy fur 1, tough skin 3
a: no special abilities


You were in an ossuary.
You were completely stuffed.

You visited 1 branch of the dungeon, and saw 4 of its levels.
You also visited: Ossuary.

You collected 141 gold pieces.

Inventory:

Hand Weapons
 a - a +0 trident (weapon)
 s - a +2 quarterstaff of chaos
 w - a +0 whip
 y - a +0 hand axe
 C - a +0 scythe
Armour
 b - a +0 robe (worn)
 c - a +0 shield (worn)
 o - a +0 ring mail
 t - a +0 cloak
 x - a +0 animal skin
 z - a +0 ring mail
Jewellery
 n - a +2 ring of evasion {unknown}
Wands
 E - a wand of digging (4)
Scrolls
 e - 3 scrolls of magic mapping {unknown}
 j - 5 scrolls of remove curse {unknown}
 l - 2 scrolls of enchant weapon {unknown}
 m - 3 scrolls of identify {unknown}
 p - a scroll of blinking {unknown}
 q - a scroll of immolation {unknown}
 r - 2 scrolls of noise {unknown}
 u - 2 scrolls of fog {unknown}
 G - a scroll of fear {unknown}
Potions
 d - a potion of might
 g - a potion of resistance {unknown}
 i - a potion of curing {unknown}
 k - a potion of haste {unknown}
 v - a potion of magic {unknown}
 A - a potion of degeneration {unknown}
 B - a potion of brilliance {unknown}
 D - a potion of cancellation {unknown}
 F - 2 potions of lignification {unknown}
Comestibles
 f - 9 rations
 h - 4 chunks of flesh


   Skills:
 + Level 3.0 Fighting
 + Level 4.1 Polearms
 + Level 0.1 Throwing
 + Level 3.3 Dodging
 + Level 0.3 Stealth
 + Level 3.2 Shields


You had 5 spell levels left.
You didn't know any spells.
Your spell library was empty.

Dungeon Overview and Level Annotations

Branches:
Dungeon (4/15)            Ossuary (1/1)
 Temple: D:4-7

Altars:
Okawaru
Trog


Innate Abilities, Weirdness & Mutations

You are too large for most types of armour.
You have claws for hands.
Your metabolism is lightning-fast.
You like to eat raw meat.
Your natural rate of healing is unusually fast.
You are covered in fur. (AC +1)
You have extremely tough skin. (AC +3)


Message History

The orc zombie hits you but does no damage.
The kobold zombie closely misses you. You block the mummy's attack.
The mummy barely misses you.
You hit the kobold zombie.
The kobold zombie is heavily damaged.
You block the kobold zombie's attack. The orc zombie closely misses you.
The mummy hits you but does no damage. You block the mummy's attack.
The mummy barely misses you.
You hit the kobold zombie.
You destroy the kobold zombie!
The orc zombie hits you. You block the mummy's attack. The mummy hits you!
Your shield prevents you from hitting the mummy.
The orc zombie hits you. The mummy hits you!
* * * LOW HITPOINT WARNING * * *
You puncture the mummy!
You destroy the mummy!
The orc zombie hits you.
* * * LOW HITPOINT WARNING * * *
The mummy barely misses you. The mummy hits you!
You die...

..... ##..## ..
.....##....##...
................
..............
............
#........#
#M.M...# #@...#
#.Z..# #....#
#....# #....#
#....# #....#
#....# #.∩∩.#


You could see 2 mummies and an orc zombie.

Vanquished Creatures
  Sigmund (D:3)
  Crazy Yiuf (D:2)
  Terence (D:2)
  3 mummies
  Robin (D:2)
  An adder (D:3)
  An ooze (D:1)
  3 worms
  A dart slug (D:3)
  2 leopard geckos (D:2)
  2 orcs (D:3)
  A ball python (D:2)
  2 giant cockroaches
  2 gnoll zombies (Ossuary)
  14 goblins
  5 hobgoblins
  8 jackals
  A quokka (D:3)
  6 bats
  4 frilled lizards
  A hobgoblin zombie (Ossuary)
  4 kobolds (D:1)
  A kobold zombie (Ossuary)
  3 orc zombies (Ossuary)
  A rat (D:3)
70 creatures vanquished.

Notes
Turn   | Place    | Note
-------+----------+-------------------------------------------
     0 | D:1      | MaYaM the Troll Fighter began the quest for the Orb.
     0 | D:1      | Reached XP level 1. HP: 22/22 MP: 0/0
     3 | D:1      | Noticed an electric eel
     8 | D:1      | Noticed an electric eel
   194 | D:1      | Reached XP level 2. HP: 29/29 MP: 1/1
   805 | D:2      | Found a bloodstained altar of Trog.
   849 | D:2      | Reached skill level 2 in Polearms
   890 | D:2      | Reached XP level 3. HP: 36/36 MP: 2/2
  1158 | D:2      | Found a runed translucent door.
  1159 | D:2      | Noticed Crazy Yiuf
  1168 | D:2      | Killed Crazy Yiuf
  1255 | D:2      | Reached XP level 4. HP: 23/44 MP: 3/3
  1446 | D:3      | Noticed Terence
  1446 | D:3      | Noticed Robin
  1446 | D:3      | Noticed Sigmund
  1451 | D:2      | Killed Robin
  1495 | D:2      | Killed Terence
  1586 | D:3      | Found an iron altar of Okawaru.
  1902 | D:3      | Killed Sigmund
  1902 | D:3      | Reached skill level 3 in Polearms
  1902 | D:3      | Reached XP level 5. HP: 52/53 MP: 4/4
  1902 | D:3      | Reached XP level 6. HP: 60/61 MP: 5/5
  2336 | D:4      | Found a sand-covered staircase.
  2346 | Ossuary  | Entered an ossuary
  2373 | Ossuary  | Reached skill level 4 in Polearms
  2382 | Ossuary  | Slain by a mummy

Levels and vault maps discovered:
D:1:      arrival_aquarium_b, layout_rooms
D:2:      layout_loops_cross, trog_three_pillars_becter, uniq_crazy_yiuf_cottage
D:3:      layout_basic, lemuel_round_altar, uniq_terence, uniq_robin,
          uniq_sigmund
D:4:      layout_loops_corners, gup_ossuary_entry_pyramid, uniq_pikel
Ossuary:  ossuary_tomb_3

Skill      XL: |  1  2  3  4  5  6 |
---------------+-------------------+-----
Polearms       | 2 3 4 |  4.1
Dodging        | 3 |  3.3
Shields        | 3 |  3.2
Fighting       | 3 |  3.0
Throwing       | |  0.1
Stealth        | |  0.3

Action                   |  1- 3 |  4- 6 || total
-------------------------+-------+-------++-------
Melee: Trident           |    99 |   114 ||   213
Throw: Throwing net      |       |     1 ||     1
 Stab: Sleeping          |       |     1 ||     1
  Eat: Chunk             |    13 |    15 ||    28
Armor: Robe              |    39 |    33 ||    72
Dodge: Dodged            |    35 |    37 ||    72
Block: Shield            |    50 |    39 ||    89
